 Dungeon Crawl Stone Soup version 0.30-a0-777-ga9a30cbeda (webtiles) character file.

Game seed: 17181059255261951532

68 jlumianski the Shooter (level 4, -4/27 HPs)
             Began as a Kobold Hunter on Feb 13, 2023.
             Slain by an orc priest
             ... wielding a +0 morningstar
              (10 damage)
             ... on level 3 of the Dungeon.
             The game lasted 00:07:08 (2045 turns).

jlumianski the Shooter (Kobold Hunter)              Turns: 2045, Time: 00:07:09

Health: -4/27      AC:  9    Str: 10    XL:     4   Next: 41%
Magic:  4/4        EV:  7    Int: 10    God:
Gold:   126        SH:  0    Dex: 18    Spells: 3/3 levels left

rFire   . . .      SeeInvis .    a - +0 shortbow
rCold   . . .      Faith    .    (shield currently unavailable)
rNeg    . . .      Spirit   .    g - +0 chain mail
rPois   .          Reflect  .    r - +0 helmet
rElec   .          Harm     .    (no cloak)
rCorr   .          Rampage  .    (no gloves)
Will    .....                    (no boots) Stlth
                                 (no amulet)
HPRegen 0.24/turn                (no ring)
MPRegen 0.09/turn                (no ring)

@: no status effects
A: small, no large weapons, nightstalker 3
a: no special abilities


You were on level 3 of the Dungeon.
You visited 1 branch of the dungeon, and saw 3 of its levels.

You collected 126 gold pieces.

Inventory:

Hand Weapons
 a - a +0 shortbow (weapon)
 n - a +1 short sword of holy wrath
 p - a +1 long sword of holy wrath
Missiles
 i - 38 stones
Armour
 c - a +0 leather armour
 g - a +0 chain mail (worn)
 r - a +0 helmet (worn)
Scrolls
 b - a scroll of immolation
 e - a scroll of silence {unknown}
 h - a scroll of identify {unknown}
 l - a scroll of teleportation {unknown}
 m - a scroll of magic mapping {unknown}
 q - a scroll of enchant armour {unknown}
 t - a scroll of poison {unknown}
Potions
 d - a potion of magic {unknown}
 f - a potion of curing {unknown}
 j - a potion of mutation {unknown}
 k - 2 potions of heal wounds {unknown}
 o - a potion of haste {unknown}
 s - a potion of flight {unknown}


   Skills:
 + Level 2.3 Fighting
 + Level 6.9 Ranged Weapons
 + Level 0.3 Armour
 + Level 2.6 Dodging
 * Level 2.0 Stealth


You had 3 spell levels left.
You didn't know any spells.
Your spell library contained the following spells:

 Spells                   Type           Power      Damage    Failure   Level
 Apportation              Tloc           0%         N/A       100%        1
 Alistair's Intoxication  Tmut/Pois      0%         N/A       100%        5


Dungeon Overview and Level Annotations

Branches:
Dungeon (3/15)

Altars:


Innate Abilities, Weirdness & Mutations

You are small and have problems with some larger weapons.
You are completely attuned to the shadows.


Message History

You see here a +0 dagger.
Things that are here:
a +0 dagger; a goblin corpse You see here a +0 dagger.
Things that are here:
a +0 dagger; a goblin corpse An orc comes into view.
It is wielding a +4 dagger.
An orc comes into view. It is wielding a +0 short sword.
Fire: a) +0 shortbow
Press: ? - help, Q - select action, (/) - cycle Shift-Dir - straight line, f - orc
Aim: an orc, wielding a +0 short sword (wandering, hasn't noticed you, 65% to hit)
You shoot an arrow. The arrow barely misses the orc.
You hear a shout!
Fire: a) +0 shortbow
Press: ? - help, Q - select action, (/) - cycle Shift-Dir - straight line, f/p - orc
Aim: an orc, wielding a +0 short sword (65% to hit)
You shoot an arrow. The arrow hits the orc.
The orc is heavily wounded.
An orc priest comes into view. It is wielding a +0 morningstar.
The orc barely misses you.
You shoot an arrow. The arrow barely misses the orc.
The arrow hits the orc but does no damage.
The orc hits you with a +0 short sword. x2
You shoot an arrow. The arrow barely misses the orc.
The arrow closely misses the orc.
The orc hits you but does no damage.
An orc priest comes into view. It is wielding a +0 dagger.
The orc priest calls upon Beogh to heal the orc.
The orc's wounds heal themselves!
You shoot an arrow. The arrow hits the orc.
The orc is heavily wounded.
The orc hits you but does no damage.
The orc priest calls down the wrath of Beogh upon you.
Beogh smites you! The orc hits you but does no damage.
You shoot an arrow. The arrow hits the orc!
You kill the orc!
The orc priest invokes the aid of Beogh against you.
Beogh smites you!
* * * LOW HITPOINT WARNING * * *
The orc priest hits you with a +0 morningstar!
You die...

#. #.# ##...# ####.
#.###..... ...#.
#.##......o.#
##.#.##.#.........##
#.#...#...........
#.##.###.#.....o#
#...## ##....))o#
####.###.###.##o#
#.#.##...##@#
#.......##.....
#####..........
######.#### ..#


You could see 2 orc priests and an orc.

Vanquished Creatures
  An adder (D:2)
  2 dart slugs (D:1)
  An orc (D:3)
  3 ball pythons (D:1)
  3 bats (D:1)
  5 endoplasms
  3 giant cockroaches (D:1)
  6 goblins
  3 hobgoblins
  6 kobolds
  3 quokkas
  4 frilled lizards
  15 rats
55 creatures vanquished.

Notes
Turn   | Place    | Note
-------+----------+-------------------------------------------
     0 | D:1      | jlumianski the Kobold Hunter began the quest for the Orb.
     0 | D:1      | Reached XP level 1. HP: 12/12 MP: 1/1
    99 | D:1      | Reached XP level 2. HP: 16/17 MP: 2/2
   166 | D:1      | Reached skill level 6 in Ranged Weapons
   351 | D:1      | Reached XP level 3. HP: 15/21 MP: 3/3
  1212 | D:2      | Reached XP level 4. HP: 23/26 MP: 4/4
  2045 | D:3      | Slain by an orc priest

Illustrated notes

Levels and vault maps discovered:
D:1:      minmay_arrival_three_doors, layout_loops_corners,
          minmay_rat_gold_closets
D:2:      layout_basic, minivault_25
D:3:      layout_loops_ring, serial_shops, shop_statue, shop, shop,
          shop_fountains

Skill      XL: |  1  2  3  4 |
---------------+-------------+-----
Ranged Weapons | 6 |  6.9
Stealth        | 2 |  2.0
Fighting       | |  2.3
Armour         | |  0.3
Dodging        | |  2.6

Action                     |  1- 3 |  4- 6 || total
---------------------------+-------+-------++-------
   Fire: Shortbow          |    87 |    29 ||   116
 Armour: Leather armour    |     2 |       ||     2
         Chain mail        |    30 |    14 ||    44
  Dodge: Dodged            |    36 |    11 ||    47

Table legend: (Time is in decaauts)
 A = Elapsed time spent in this place.
 B = Non-inter-level travel time spent in this place.
 C = Inter-level travel time spent in this place.
 D = Time resting spent in this place.
 E = Time spent auto-exploring this place.
 F = Levels seen in this place.
 G = Mean time per level.
                   A        B        C        D        E       F      G
               +--------+--------+--------+--------+--------+-----+--------+
         Total |   2138 |   2050 |     88 |      0 |   1514 |   3 |  712.7 |
       Dungeon |   2138 |   2050 |     88 |      0 |   1514 |   3 |  712.7 |
               +--------+--------+--------+--------+--------+-----+--------+

Top non-repeatable levels by time:
     D:1: 1252 daAuts
     D:2: 721 daAuts
     D:3: 165 daAuts
